AoeStats
← Chasixx

Arabia

509810891Analyzed
1v1 RM · 2d ago on Sep 28, 2026· 50m 44s· 2 players
Game mode
Random Map
Map size
Tiny (2 player)
Population
200
Speed
Normal
Resources
Standard
Victory
Conquest
Starting age
Dark Age
Ending age
Imperial Age
RankedLock teamsTeams togetherTeam positionsShared explorationLock speedFull tech treeHidden civsTurbo modeCheats
Victory
Defeat
🇨🇳 Turks · China
553
+18
🇳🇱 Sicilians · Netherlands
589
-18
yusak
12:03 Feudal Age
13:30 Wheelbarrow
12:38 Horse Collar
12:54 Double-Bit Axe
24:11 Castle Age
22:44 Scale Mail Armor
24:08 Fletching
25:18 Husbandry
25:29 Bloodlines
25:18 Stone Mining
25:51 Bow Saw
25:39 Gold Mining
28:44 Gold Shaft Mining
31:14 Heavy Plow
31:34 Chain Mail Armor
38:35 Imperial Age
38:20 Forging
38:06 Bodkin Arrow
38:18 Scale Barding Armor
39:27 Artillery
40:58 Conscription
40:28 Elite Janissary
41:50 Ballistics
41:36 Heavy Camel Rider
42:35 Bracer
43:14 Iron Casting
43:04 Hand Cart
46:34 Loom
48:41 Two-Man Saw
Chasixx
5:05 Loom
10:56 Feudal Age
11:53 Horse Collar
13:32 Double-Bit Axe
14:56 Wheelbarrow
14:07 Town Watch
18:08 Gold Mining
20:05 Man-at-Arms
26:15 Castle Age
25:27 Forging
25:17 Scale Mail Armor
25:58 Arson
28:31 Hand Cart
28:16 Town Patrol
28:31 Squires
27:54 Pikeman
30:49 Gambesons
30:26 Long Swordsman
31:44 Iron Casting
31:24 Chain Mail Armor
31:38 Heavy Plow
33:27 Bow Saw
37:03 Fletching
37:35 Masonry
40:51 Imperial Age
41:07 Capped Ram
42:53 Blast Furnace
42:24 Plate Mail Armor
41:17 Two-Handed Swordsman
41:18 Halberdier
42:40 Conscription
42:48 Champion
46:04 Siege Ram
Connection lost

Rejoining the realm…

Still unreachable

The connection could not be restored.

Session expired

The server has moved on; the page needs a fresh start.